Workbook
Name Active_Transportation: Instructions!$BC$2:$BC$3
Name Active_Transportation: 'Project Info'!$BC$2:$BC$9
Name ADA_Improvements: Instructions!$BF$2:$BF$3
Name ADA_Improvements: 'Project Info'!$BF$2:$BF$16
Name Bridge___Tunnel: Instructions!$AX$2:$AX$3
Name Bridge___Tunnel: 'Project Info'!$AX$2:$AX$12
Name Bridge_Tunnel: Instructions!$AX$2:$AX$3
Name Bridge_Tunnel: 'Project Info'!$AX$2:$AX$10
Name Bridges: Instructions!$AX$2:$AX$3
Name Bridges: 'Project Info'!$AX$2:$AX$3
Name Category: Instructions!$AQ$2:$AQ$40
Name Category: 'Project Info'!$AQ$2:$AQ$82
Name Drainage: Instructions!$AY$2:$AY$3
Name Drainage: 'Project Info'!$AY$2:$AY$3
Name Operational_Improvements: Instructions!$BB$2:$BB$3
Name Operational_Improvements: 'Project Info'!$BB$2:$BB$14
Name Other: Instructions!$BE$2:$BE$3
Name Other: 'Project Info'!$BE$2:$BE$6
Name Output_Outcomes: Instructions!$AR$2:$AR$40
Name Output_Outcomes: 'Project Info'!$AR$2:$AR$82
Name Pavement: Instructions!$BA$2:$BA$3
Name Pavement: 'Project Info'!$BA$2:$BA$14
Name Rail_MultiModal: Instructions!$BD$2:$BD$3
Name Rail_MultiModal: 'Project Info'!$BD$2:$BD$8
Name TMS__Traffic_Management_Systems: Instructions!$AZ$2
Name TMS__Traffic_Management_Systems: 'Project Info'!$AZ$2
Name TMS_Elements: Instructions!$AZ$2:$AZ$3
Name TMS_Elements: 'Project Info'!$AZ$2:$AZ$13

Sheet Instructions
A1: STATE OF CALIFORNIA ● DEPARTMENT OF TRANSPORTATION | AG1: District | AH1: County | AI1: Element | AJ1: MPO | AK1: ED Type | AL1: Reimbursements | AP1: Category | AQ1: Lookup Values | AR1: Output/Outcomes | AS1: Unit | AT1: Unit | AU1: toggles | AV1: Program | AX1: Bridge_Tunnel | AY1: Drainage | AZ1: TMS_Elements | BA1: Pavement | BB1: Operational_Improvements | BC1: Active_Transportation | BD1: Rail_MultiModal | BE1: Other | BF1: ADA_Improvements | BG1: Category
A2: PROJECT PROGRAMMING REQUEST | AK2: N/A | AT2: LF | AU2: Y/N | AV2: STIP | AW2: State Transportation Improvement Program | AX2: New Interchanges | AY2: Culverts | AZ2: Traffic census stations | BA2: Mixed flow mainline constructed | BB2: Auxiliary lanes | BC2: Pedestrian/Bicycle facilities miles constructed | BD2: Rail cars/ transit vehicles | BE2: Sound wall miles constructed | BF2: New sidewalk
A3: ='Project Info'!A3 -> LAPG -25I (Revised Apr 2026 v1.00) | AG3: 01 | AH3: ALA | AI3: Capital Outlay | AJ3: AMBAG | AK3: CE | AL3: LONP | AO3: Bridge / Tunnel | AP3: Bridge / Tunnel | AQ3: Bridge_Tunnel | AR3: New interchanges | AS3: SQFT | AT3: SQFT | AU3: No | AV3: TCIF | AW3: Trade Corridor Investment Fund | AX3: Modified / Improved interchanges | AZ3: Changeable message signs | BA3: HOV/HOT mainline constructed | BB3: Intersection / Signal improvements | BC3: Bicycle lane-miles | BD3: Miles of new track | BE3: Port Improvements | BF3: Repair existing sidewalk
A4: Instructions and Typical Project Milestone Timelines to Consider
A5: 1) Per the CTC Guidelines, all project applications with a total project construction cost greater than $1M must be submitted with the
A6: potential of receiving federal funding; therefore the project schedule must account for the additional time needed for a federally-funded
A7: project delivery requirements and approvals, including, but not limited to NEPA environmental clearance and Right-of- Way Certification.
A8: 2) Prior to estimating durations of the project delivery tasks (below), applicants are encouraged to review the appropriate chapters of
A9: the Local Assistance Procedures Manual and work closely with District Local Assistance Staff.
A10: 3) The project milestones should take into account the CTC allocation process. In addition, if the total project construction cost is
A11: greater than $1M, the schedule should also consider federal authorization timeline for Notice to Proceed with Federally Reimbursable Work.
A12: 4) The project milestones should consider Baseline Agreement timeline. For projects that will require a Baseline Agreement, a minimum of
A13: 5 months between End Environmental Phase (PA&ED Milestone) and Begin Design (PS&E) Phase and/or Begin Right of Way Phase must
A14: be incorporated in the schedule.
A16: Project Milestone Information | J16: Proposed Date
A17: Project Study Report Approval | J17: For ATP this will typically be the date of when the Registered Civil Engineer | AR17: New curb ramp installed | AS17: EA
J18: stamps and signs the Engineer's Checklist.
A19: Begin Environmental (PA&ED) Phase | J19: If PA&ED is not ATP funded, use the date the work started or will be starting. | AO19: Other | AR19: Repair/upgrade curb ramp | AS19: EA
J20: If ATP funded, use the proposed CTC PA&ED allocation date. | AO20: New | AR20: Install accessible pedestrian signal | AS20: EA
A21: Circulate Draft Envoronmental Document | J21: Click the yellow shaded drop down menu to the right of the Document Type field
A22: End Environmental Phase (PA&ED Milestone) | J22: If not ATP funded, add the number of months to finish PA&ED to the Begin | AO22: New | AR22: Lower pedestrian push button | AS22: EA
B23: Expected or Past PA&ED completion | J23: PA&ED date and enter that date here. If federally-funded, add 2 months to | AR23: Relocate pedestrian push button posts | AS23: EA
J24: the PA&ED allocation date for the "Notice to Proceed" with Federally
J25: Reimbursable Work, then add the number of months to complete CEQA & NEPA
J26: studies/approvals to the Begin PA&ED date. Enter that date here.
A27: Baseline Agreement Required | G27: Yes? Or No? | J27: For ATP funded projects a Baseline Agreement is required if the total project
B28: Completion See note 4 above | J28: cost is $25 M or greater or if the total programmed amount is $10 M or greater.
A29: Begin Design (PS&E) Phase | J29: If PS&E is not ATP funded, enter the date the work started or will be starting. If | AR29: New crosswalk | AS29: LF
J30: ATP funded, enter the proposed CTC PS&E allocation date. This date must be
J31: after the PA&ED Completion date | AR31: Modify crosswalk | AS31: LF
A32: End Design Phase (Ready to List Advertisement | J32: If not ATP funded add the number of months to the finsh PS&E to the Begin | AR32: Remove obstructions | AS32: EA
A33: Milestone) | J33: PS&E date and enter that date here. If federally funded, add 2 months to
J34: to the PS&E allocation date for the "Notice to Proceed" with Federally | AR34: Install new detectable warning surface | AS34: SQFT
B35: Expected or Past PS&E Completion | J35: Reimbursable Work, then add the number of months to finish the Final Plans,
J36: Specifications & Estimate and any other clearances and certifications required
J37: for PS&E completion. Enter that date here. | AR37: Upgrade detectable warning surface | AS37: SQFT
A38: Begin Right of Way Phase | J38: PS&E and Right of Way phases can be allocated concurrently. If R/W is | AR38: Curb ramp retired | AS38: EA
J39: not ATP funded, enter the date the work started or will be starting, if ATP | AR39: Sound wall miles constructed | AS39: Miles
J40: funded enter the proposed CTC R/W allocation date. | AR40: Port improvements | AS40: EA
A41: End Right of Way Phase (Right of Way | J41: If not ATP funded add the number of months to finish R/W to the Begin R/W | AR41: Border crossing improvements | AS41: EA
A42: Certification Milestone) | J42: date and enter that date here. If federally-funded, add 2 months to the Begin
J43: R/W Allocation date for the "Notice to Proceed" with Federally Reimbursed Work,
B44: Expected or Past R/W Completion | J44: then add the number of months to finish the Right-of-Way Certification. Enter
J45: that date here. | AH45: TUL
A46: Begin Non-Infrastructure Construction Phase | J46: If NI is not ATP funded, enter the date the work started or will be starting, if ATP
A47: (Contract Award Milestone) | J47: funded enter the proposed CTC NI allocation date.
A48: End Non-Infrastructure Construction Phase | J48: If not ATP funded, add the number of months to finish NI to the Begin NI date
B49: Expected or Past NI Completion | J49: and enter the date here. If fedreally-funded, add 2 months from the NI Allocation
J50: for the "Notice to Proceed" with Federally Reimbursable Work, then add the
J51: number of months to complete the NI Phase. Enter that date here.
A52: Begin Construction Phase (Contract Award | J52: If Construction is not ATP funded, the date the work started or will be starting. If
A53: Milestone) | J53: ATP funded enter the proposed CTC Construction allocation date
J54: This date has to be after PS&E and R/W completion
A55: End Construction Phase (Construction Contract | J55: If not ATP funded, add the number of months to finish Construction to the Begin
A56: Acceptance Milestone) | J56: Construction and enter that date here. If Federally funded- add 2 months to the
J57: Construction allocation date for the "Notice to Proceed" with Federally
J58: Reimbursable Work, then add the number of months to finish the Construction
B59: Expected Construction Completion | J59: Phase. Enter that date here.
A60: Begin Closeout Phase | J60: Completion Report (CR) is due within six months of contract acceptance (all
J61: contract items are complete). The Final Delivery Report (FDR) is due within 180
J62: days of final expenditures and after actual after user counts
A63: End Closeout Phase (Closeout Report) | J63: For ATP, this will be the estimated date of when the agency will submit Final
J64: Delivery Report (FDR).

Sheet Project Info
A1: STATE OF CALIFORNIA ● DEPARTMENT OF TRANSPORTATION | AG1: District | AH1: County | AI1: Element | AJ1: MPO | AK1: ED Type | AL1: Reimbursements | AP1: Category | AQ1: Lookup Values | AR1: Output/Outcomes | AS1: Unit | AT1: Unit | AU1: toggles | AV1: Program | AX1: Bridge_Tunnel | AY1: Drainage | AZ1: TMS_Elements | BA1: Pavement | BB1: Operational_Improvements | BC1: Active_Transportation | BD1: Rail_MultiModal | BE1: Other | BF1: ADA_Improvements | BG1: Category
A2: PROJECT PROGRAMMING REQUEST | AK2: N/A | AT2: LF | AU2: Y/N | AV2: STIP | AW2: State Transportation Improvement Program | AX2: New Interchanges | AY2: Culverts | AZ2: Traffic census stations | BA2: Mixed flow mainline constructed | BB2: Auxiliary lanes | BC2: Class I Multi-use Path | BD2: Rail cars/ transit vehicles | BE2: Sound wall miles constructed | BF2: New sidewalk
A3: LAPG -25I (Revised Apr 2026 v1.00) | AG3: 01 | AH3: ALA | AI3: Capital Outlay | AJ3: AMBAG | AK3: CE | AL3: LONP | AO3: Bridge / Tunnel | AP3: Bridge / Tunnel | AQ3: Bridge_Tunnel | AR3: New interchanges | AS3: SQFT | AT3: EA | AU3: No | AV3: TCIF | AW3: Trade Corridor Investment Fund | AX3: Modified / Improved interchanges | AZ3: Changeable message signs | BA3: HOV/HOT mainline constructed | BB3: Intersection / Signal improvements | BC3: Class I Bikeway | BD3: Miles of new track | BE3: Port Improvements | BF3: Repair existing sidewalk
A4: Amendment (Existing Project) | G4: Y/N | S4: Date: | AG4: 02 | AH4: ALP | AI4: Local Assistance | AJ4: BCAG | AK4: ND | AL4: AB 3090 | AP4: Drainage | AQ4: Drainage | AR4: Modified / Improved interchanges | AS4: SQFT | AU4: Yes | AV4: TCEP | AW4: Trade Corridor Enhancement Program | AX4: New bridges/tunnels | AZ4: Closed circuit television cameras | BA4: Passing lane constructed | BB4: Interchange modifications | BC4: Class I Bikeway | BD4: Miles of rehabilitated track | BE4: Border crossing improvements | BF4: New curb ramp installed
A5: District | E5: EA | G5: Project ID | L5: PPNO | O5: MPO ID | AG5: 03 | AH5: AMA | AI5: Mass Transit | AJ5: COFCG | AK5: EIR | AL5: SB 184 | AP5: TMS (Traffic Management Systems) | AQ5: TMS_Elements | AR5: New bridges/tunnels | AS5: SQFT | AU5: N/A | AV5: SCCP | AW5: Solutions for Congested Corridors Program | AX5: Modified/Reconstructed bridges/tunnels | AZ5: Freeway ramp meters | BA5: Auxiliary lane constructed | BB5: Ramp modifications | BC5: Class II Bike Lanes | BD5: Grade separations/ rail crossing improvements | BF5: Repair/upgrade curb ramp
AG6: 04 | AH6: BUT | AI6: Rail | AJ6: KCOG | AK6: CE/CE | AP6: Pavement (lane-miles) | AQ6: Pavement | AR6: Modified/Reconstructed bridges/tunnels | AS6: SQFT | AU6: 1 | AV6: LPP | AW6: Local Partnership Program | AX6: At-grade crossings eliminated | AZ6: Communications (fiber optics) | BA6: Truck climbing lanes constructed | BB6: Slow vehicle lanes | BC6: Class IV Bikeway | BD6: Station improvements | BF6: Install accessible pedestrian signal
A7: County | D7: Route/Corridor | H7: PM Bk | J7: PM Ahd | L7: Nominating Agency | AG7: 05 | AH7: CAL | AJ7: Kings | AK7: ND/CE | AP7: Operational Improvements | AQ7: Operational_Improvements | AR7: At-grade crossings eliminated | AS7: SQFT | AT7: Unit | AU7: 2 | AV7: CMIA | AW7: Corridor Mobility Improvement Account | AX7: New local road bridge structures/tunnels | AZ7: Highway advisory radio | BA7: Roadway lane miles -new | BB7: Curve and vertical alignment corrections | BC7: Sidewalk | BD7: New stations | BF7: Lower pedestrian push button
AA8: =IF(AND(LEN(A8)>0,LEN(A9)>0,LEN(A10)=0),CONCATENATE(A8,", ",A9), IF(AND(LEN(A8)>0,LEN(A9)>0,LEN(A10)>0),CONCATENATE(A8,", ",A9, ", ", A10),IF(AND(LEN(A8)=0,LEN(A9)>0,LEN(A10)=0),A9,IF(AND(LEN(A8)=0,LEN(A9)>0,LEN(A10)>0),CONCATENATE(A9,",",A10),IF(AND(LEN(A8)>0,LEN(A9)=0,LEN(A10)>0),CONCATENATE(A8,", ",A10), A8))))) -> 0 | AF8: =IF(AND(LEN(D8)>0,LEN(D9)>0,LEN(D10)=0),CONCATENATE(D8,", ",D9),IF(AND(LEN(D8)>0,LEN(D9)>0,LEN(D10)>0),CONCATENATE(D8,", ",D9, ", ", D10),IF(AND(LEN(D8)=0,LEN(D9)>0,LEN(D10)=0),D9,IF(AND(LEN(D8)=0,LEN(D9)>0,LEN(D10)>0),CONCATENATE(D9,",",D10),IF(AND(LEN(D8)>0,LEN(D9)=0,LEN(D10)>0),CONCATENATE(D8,", ",D10), D8))))) -> 0 | AG8: 06 | AH8: CC | AJ8: Madera | AK8: ND/FONSI | AP8: Active Transportation | AQ8: Active_Transportation | AR8: New local road bridge structures/tunnels | AS8: SQFT | AT8: LF | AU8: 3 | AV8: TCRP | AW8: Traffic Congestion Relief Program | AX8: Local reconstructed bridge/tunnels | AZ8: Traffic signal interconnect projects | BA8: Intersections constructed - new | BB8: Two-way left turn lanes | BC8: ADA Ramps | BF8: Relocate pedestrian push button posts | BG8: Outcome
L9: MPO | R9: Element | AG9: 07 | AH9: COL | AJ9: MCAG | AK9: EIR/FONSI | AP9: Rail / Multi-Modal | AQ9: Rail_MultiModal | AR9: Local reconstructed bridge/tunnels | AS9: SQFT | AT9: SQFT | AV9: SHOPP | AX9: Local rehabilitated bridge/tunnels | AZ9: Software and hardware systems | BA9: Ramps and connectors constructed | BB9: Channelization | BC9: Crosswalks | BF9: Modify driveway
AG10: 08 | AH10: DN | AJ10: MTC | AK10: EIR/EIS | AP10: ADA Improvements | AQ10: ADA_Improvements | AR10: Local rehabilitated bridge/tunnels | AS10: SQFT | AT10: EA | AV10: ATP | AW10: Active Transportation Program | AZ10: TMC interconnect projects | BA10: Mainline shoulders construction | BB10: Chain control and truck brake inspection sites | BC10: Traffic Signal | BF10: New crosswalk
A11: Project Manager/Contact | H11: Phone | L11: E-mail Address | AG11: 09 | AH11: ED | AJ11: Non-MPO | AO11: Drainage new | AP11: Other | AQ11: Other | AR11: Culverts | AS11: LF | AT11: Miles | AZ11: Traffic monitoring detection stations | BA11: Local road - rehabilitated | BB11: Shoulder widening | BC11: Beacon/Signal | BF11: Modify crosswalk
AG12: 10 | AH12: FRE | AJ12: SACOG | AO12: TMS (Traffic Management Systems | AR12: Traffic census stations | AS12: EA | AZ12: Extinguishable message signs | BA12: Local road - reconstructed | BB12: Turnouts | BC12: Ped-Heads | BF12: Remove obstructions
A13: Project Title | AG13: 11 | AH13: GLE | AJ13: SANDAG | AO13: (All new items) | AR13: Changeable message signs | AS13: EA | BA13: Local road - new | BB13: Turn pockets constructed | BC13: Bicycle Detection | BF13: Install new detectable warning surface
AG14: 12 | AH14: HUM | AJ14: SBCAG | AR14: Closed circuit television cameras | AS14: EA | BC14: Speed Feedback Signs | BF14: Upgrade detectable warning surface
A15: Location (Project Limits), Description ( Scope of Work) - Infrastructure | AB15: # Char. | AC15: max | AG15: 75 | AH15: IMP | AJ15: SCAG | AR15: Freeway ramp meters | AS15: EA | BC15: RRFB | BF15: Curb ramp retired
AB16: =LEN(A16) -> 0 | AC16: 890 | AH16: INY | AJ16: Shasta | AR16: Communications (fiber optics) | AS16: Miles | BC16: Bike Boxes
AH17: KER | AJ17: SJCOG | AR17: Highway advisory radio | AS17: EA | AX17: Category | AY17: Output | BC17: Bike Racks
AH18: KIN | AJ18: SLOCOG | AR18: Traffic signal interconnect projects | AS18: EA | AX18: Other | AY18: Border Crossing Improvements | BC18: Bike Lockers
A19: Location (Project Limits), Description ( Scope of Work) - Plan or Non-Infrastructure | AH19: LA | AJ19: STANCOG | AR19: Software and hardware systems | AS19: EA
AH20: LAK | AJ20: TCAG | AR20: TMC interconnect projects | AS20: EA
AH21: LAS | AJ21: TRPA | AR21: Traffic monitoring detection stations | AS21: EA
AH22: MAD | AR22: Extinguishable message signs | AS22: EA
A23: Component | E23: Implementing Agency | AH23: MEN | AO23: Pavement (lane-miles) | AR23: Mixed flow mainline constructed | AS23: Miles
A24: PA&ED | AH24: MER | AR24: HOV/HOT mainline constructed | AS24: Miles
A25: PS&E | AH25: MNO | AR25: Passing lane constructed | AS25: Miles
A26: Right of Way | AH26: MOD | AR26: Auxiliary lane constructed | AS26: Miles
A27: Non-Infrastructure
A28: Construction | AH28: MON | AR28: Truck climbing lanes constructed | AS28: Miles
A29: Legislative Districts | AH29: MPA | AR29: Roadway lane miles -new | AS29: Miles
A30: Assembly: | I30: Senate: | P30: Congressional: | AC30: max | AH30: MRN | AR30: Intersections constructed - new | AS30: Miles
A31: Project Benefits | AB31: # Char. | AC31: 500 | AH31: NAP | AR31: Ramps and connectors constructed | AS31: Miles
AB32: =LEN(A32) -> 0 | AH32: NEV | AR32: Mainline shoulders construction | AS32: Miles
AH33: ORA | AR33: Local road - rehabilitated | AS33: Miles
AH34: PLA | AR34: Local road - reconstructed | AS34: Miles
AC35: max | AH35: PLU | AR35: Local road - new | AS35: Miles
A36: Purpose and Need | AB36: # Char. | AC36: 500 | AH36: RIV | AO36: Operational Improvements | AR36: Auxiliary lanes | AS36: Miles
AB37: =LEN(A37) -> 0 | AH37: SAC | AR37: Intersection / Signal improvements | AS37: EA
AH38: SB | AO38: new | AR38: Interchange modifications | AS38: EA
AH39: SBD | AO39: new | AR39: Ramp modifications | AS39: EA
AH40: SBT | AO40: new | AR40: Slow vehicle lanes | AS40: Miles
A41: Category | I41: Outputs | T41: Unit | V41: Total | AB41: # Char. | AH41: SCL | AO41: new | AR41: Curve and vertical alignment corrections | AS41: EA
A42: Active Transportation | AB42: =LEN(B42) -> 0 | AC42: =LEN(V42) -> 0 | AH42: SCR | AO42: new | AR42: Two-way left turn lanes | AS42: EA
A43: Active Transportation | AB43: =LEN(B43) -> 0 | AC43: =LEN(V43) -> 0 | AH43: SD | AO43: new | AR43: Channelization | AS43: EA
A44: Active Transportation
A45: Active Transportation
A46: Active Transportation
A47: Active Transportation | AB47: =LEN(B47) -> 0 | AC47: =LEN(V47) -> 0 | AH47: SF | AO47: new | AR47: Chain control and truck brake inspection sites | AS47: EA
A48: Active Transportation | AB48: =LEN(B48) -> 0 | AC48: =LEN(V48) -> 0 | AH48: SHA | AO48: new | AR48: Shoulder widening | AS48: EA
A49: NHS Improvements | E49: Y/N | I49: Roadway Class | N49: N/A | R49: Reversible Lane analysis | W49: Y/N | AH49: SIE | AR49: Turnouts | AS49: EA
A50: Inc. Sustainable Communities Strategy Goals | J50: Y/N | O50: Reduces Greenhouse Gas Emissions | V50: Y/N | AH50: SIS | AR50: Turn pockets constructed | AS50: EA
A51: Project Milestone | S51: Existing | V51: Proposed | AH51: SJ | AO51: Active Transportation | AR51: Pedestrian/Bicycle facilities miles constructed | AS51: Miles
A52: Project Study Report Approved | AH52: SLO | AR52: Bicycle lane-miles | AS52: Miles
A53: Begin Environmental (PA&ED) Phase | AH53: SM | AR53: Sidewalk miles | AS53: Miles
A54: Circulate Draft Environmental Document | L54: Document Type | AH54: SOL | AR54: # Signs, lights, greenway, or other safety/beautification | AS54: EA
A55: Draft Project Report | AH55: SON | AO55: New | AR55: Pedestrian bridge | AS55: SQFT
A56: End Environmental Phase (PA&ED Milestone) | AH56: STA | AO56: New | AR56: Crosswalk | AS56: EA
A57: Baseline agreement required? Yes or No in the Yellow box. Enter Completion
A58: Begin Design (PS&E) Phase | AH58: SUT | AO58: New | AR58: Crossing island | AS58: EA
A59: End Design Phase (Ready to List for Advertisement Milestone) | AH59: TEH | AO59: Rail/ Multi-Modal | AR59: Rail cars/ transit vehicles | AS59: EA
A60: Begin Right of Way Phase | AH60: TRI | AR60: Miles of new track | AS60: Miles
A61: End Right of Way Phase (Right of Way Certification Milestone) | AH61: TUL | AR61: Miles of rehabilitated track | AS61: Miles
A62: Begin Non-Infrastructure Con. Phase (Contract Award Milestone)
A63: End Non-Infrastructure Con. Phase (Construction Contract Acceptance Milestone)
A64: Begin Construction Phase (Contract Award Milestone) | AH64: TUO | AR64: Grade separations/ rail crossing improvements | AS64: EA
A65: End Construction Phase (Construction Contract Acceptance Milestone) | AH65: VEN | AR65: Station improvements | AS65: EA
A66: Begin Closeout Phase | AH66: YOL | AR66: New stations | AS66: EA
A67: End Closeout Phase (Closeout Report) | AH67: YUB | AO67: ADA Improvements | AR67: New sidewalk | AS67: LF
AH68: VAR | AR68: Repair existing sidewalk | AS68: LF
AR69: New curb ramp installed | AS69: EA
AO70: Other | AR70: Repair/upgrade curb ramp | AS70: EA
AO71: New | AR71: Install accessible pedestrian signal | AS71: EA
AO72: New | AR72: Lower pedestrian push button | AS72: EA
AR73: Relocate pedestrian push button posts | AS73: EA
AR74: Modify driveway | AS74: LF
AR75: New crosswalk | AS75: LF
AR76: Modify crosswalk | AS76: LF
AR77: Remove obstructions | AS77: EA
AR78: Install new detectable warning surface | AS78: SQFT
AR79: Upgrade detectable warning surface | AS79: SQFT
AR80: Curb ramp retired | AS80: EA
AR81: Sound wall miles constructed | AS81: Miles
AR82: Port improvements | AS82: EA
AR83: Border crossing improvements | AS83: EA
AH85: TUL

Sheet Project Info Page 2
A1: STATE OF CALIFORNIA ● DEPARTMENT OF TRANSPORTATION
A2: PROJECT PROGRAMMING REQUEST
A3: ='Project Info'!A3 -> LAPG -25I (Revised Apr 2026 v1.00) | C3: Date: | D3: ='Project Info'!U4 -> 0
A4: Additional Information

Sheet Funding Info
A1: STATE OF CALIFORNIA ● DEPARTMENT OF TRANSPORTATION
A2: PROJECT PROGRAMMING REQUEST
A3: ='Project Info'!A3 -> LAPG -25I (Revised Apr 2026 v1.00) | K3: Date: | L3: ='Project Info'!U4 -> 0
A4: District | B4: County | D4: Route | F4: EA | G4: Project ID | I4: PPNO
A5: ='Project Info'!A6 -> 0 | B5: ='Project Info'!AA8 -> 0 | D5: ='Project Info'!AF8 -> 0 | F5: ='Project Info'!E6 -> 0 | G5: ='Project Info'!G6 -> 0 | I5: ='Project Info'!L6 -> 0 | K5: ='Project Info'!T6 -> 0
A6: Project Title: | B6: ='Project Info'!A14 -> 0
A7: DO NOT FILL IN ANY SHADED AREAS
D8: Proposed Total Project Cost ($1,000s)
A9: Component | B9: Prior | C9: 26-27 | D9: 27-28 | E9: 28-29 | F9: 29-30 | G9: 30-31 | H9: 31-32+ | I9: Total | J9: Notes
A10: E&P (PA&ED) | B10: =B23+B36+B48+B60+B73+B85+B97+B109+B121+B133 -> 0 | C10: =C23+C36+C48+C60+C73+C85+C97+C109+C121+C133 -> 0 | D10: =D23+D36+D48+D60+D73+D85+D97+D109+D121+D133 -> 0 | E10: =E23+E36+E48+E60+E73+E85+E97+E109+E121+E133 -> 0 | F10: =F23+F36+F48+F60+F73+F85+F97+F109+F121+F133 -> 0 | G10: =G23+G36+G48+G60+G73+G85+G97+G109+G121+G133 -> 0 | H10: =H23+H36+H48+H60+H73+H85+H97+H109+H121+H133 -> 0 | I10: =SUM($B$10:$H$10) -> 0
A11: PS&E | B11: =B24+B37+B49+B61+B74+B86+B98+B110+B122+B134 -> 0 | C11: =C24+C37+C49+C61+C74+C86+C98+C110+C122+C134 -> 0 | D11: =D24+D37+D49+D61+D74+D86+D98+D110+D122+D134 -> 0 | E11: =E24+E37+E49+E61+E74+E86+E98+E110+E122+E134 -> 0 | F11: =F24+F37+F49+F61+F74+F86+F98+F110+F122+F134 -> 0 | G11: =G24+G37+G49+G61+G74+G86+G98+G110+G122+G134 -> 0 | H11: =H24+H37+H49+H61+H74+H86+H98+H110+H122+H134 -> 0 | I11: =SUM($B$11:$H$11) -> 0
A12: R/W SUP (CT) | B12: =B25+B38+B50+B62+B75+B87+B99+B111+B123+B135 -> 0 | C12: =C25+C38+C50+C62+C75+C87+C99+C111+C123+C135 -> 0 | D12: =D25+D38+D50+D62+D75+D87+D99+D111+D123+D135 -> 0 | E12: =E25+E38+E50+E62+E75+E87+E99+E111+E123+E135 -> 0 | F12: =F25+F38+F50+F62+F75+F87+F99+F111+F123+F135 -> 0 | G12: =G25+G38+G50+G62+G75+G87+G99+G111+G123+G135 -> 0 | H12: =H25+H38+H50+H62+H75+H87+H99+H111+H123+H135 -> 0 | I12: =SUM($B$12:$H$12) -> 0
A13: CON SUP (CT) | B13: =B26+B39+B51+B63+B76+B88+B100+B112+B124+B136 -> 0 | C13: =C26+C39+C51+C63+C76+C88+C100+C112+C124+C136 -> 0 | D13: =D26+D39+D51+D63+D76+D88+D100+D112+D124+D136 -> 0 | E13: =E26+E39+E51+E63+E76+E88+E100+E112+E124+E136 -> 0 | F13: =F26+F39+F51+F63+F76+F88+F100+F112+F124+F136 -> 0 | G13: =G26+G39+G51+G63+G76+G88+G100+G112+G124+G136 -> 0 | H13: =H26+H39+H51+H63+H76+H88+H100+H112+H124+H136 -> 0 | I13: =SUM($B$13:$H$13) -> 0
A14: R/W | B14: =B27+B40+B52+B64+B77+B89+B101+B113+B125+B137 -> 0 | C14: =C27+C40+C52+C64+C77+C89+C101+C113+C125+C137 -> 0 | D14: =D27+D40+D52+D64+D77+D89+D101+D113+D125+D137 -> 0 | E14: =E27+E40+E52+E64+E77+E89+E101+E113+E125+E137 -> 0 | F14: =F27+F40+F52+F64+F77+F89+F101+F113+F125+F137 -> 0 | G14: =G27+G40+G52+G64+G77+G89+G101+G113+G125+G137 -> 0 | H14: =H27+H40+H52+H64+H77+H89+H101+H113+H125+H137 -> 0 | I14: =SUM($B$14:$H$14) -> 0
A15: CON-NI | B15: =B28+B41+B53+B65+B78+B90+B102+B114+B126+B138 -> 0 | C15: =C28+C41+C53+C65+C78+C90+C102+C114+C126+C138 -> 0 | D15: =D28+D41+D53+D65+D78+D90+D102+D114+D126+D138 -> 0 | E15: =E28+E41+E53+E65+E78+E90+E102+E114+E126+E138 -> 0 | F15: =F28+F41+F53+F65+F78+F90+F102+F114+F126+F138 -> 0 | G15: =G28+G41+G53+G65+G78+G90+G102+G114+G126+G138 -> 0 | H15: =H28+H41+H53+H65+H78+H90+H102+H114+H126+H138 -> 0 | I15: =SUM($B$15:$H$15) -> 0
A16: CON | B16: =B29+B42+B54+B66+B79+B91+B103+B115+B127+B139 -> 0 | C16: =C29+C42+C54+C66+C79+C91+C103+C115+C127+C139 -> 0 | D16: =D29+D42+D54+D66+D79+D91+D103+D115+D127+D139 -> 0 | E16: =E29+E42+E54+E66+E79+E91+E103+E115+E127+E139 -> 0 | F16: =F29+F42+F54+F66+F79+F91+F103+F115+F127+F139 -> 0 | G16: =G29+G42+G54+G66+G79+G91+G103+G115+G127+G139 -> 0 | H16: =H29+H42+H54+H66+H79+H91+H103+H115+H127+H139 -> 0 | I16: =SUM($B$16:$H$16) -> 0
A17: TOTAL | B17: =SUM($B$10:$B$16) -> 0 | C17: =SUM($C$10:$C$16) -> 0 | D17: =SUM($D$10:$D$16) -> 0 | E17: =SUM($E$10:$E$16) -> 0 | F17: =SUM($F$10:$F$16) -> 0 | G17: =SUM($G$10:$G$16) -> 0 | H17: =SUM($H$10:$H$16) -> 0 | I17: =SUM($B$17:$H$17) -> 0
D19: Summary of ATP Funding
A20: ATP Funds | B20: Cycle 8 Infrastructure Project | J20: Program Code | O20: 20.30.720 Local Admin
D21: Proposed Allocation FY, Funding in ($1,000s) | O21: 20.10.720 Caltrans Admin
A22: Component | B22: Prior | C22: 26-27 | D22: 27-28 | E22: 28-29 | F22: 29-30 | G22: 30-31 | H22: 31-32+ | I22: =I$9 -> Total | J22: Funding Agency | O22: 20.20.720 Caltrans Admin
A23: E&P (PA&ED) | B23: 0 | I23: =SUM($B$23:$H$23) -> 0 | J23: CTC
A24: PS&E | B24: 0 | I24: =SUM($B$24:$H$24) -> 0 | J24: Notes
A25: R/W SUP (CT) | I25: =SUM($B$25:$H$25) -> 0
A26: CON SUP (CT) | I26: =SUM($B$26:$H$26) -> 0
A27: R/W | I27: =SUM($B$27:$H$27) -> 0
A28: CON-NI
A29: CON | I29: =SUM($B$29:$H$29) -> 0
A30: TOTAL | B30: =0 -> 0 | D30: =SUM($D$23:$D$29) -> 0 | E30: =SUM($E$23:$E$29) -> 0 | F30: =SUM($F$23:$F$29) -> 0 | G30: =SUM($G$23:$G$29) -> 0 | H30: =0 -> 0 | I30: =SUM($B$30:$H$30) -> 0
D32: Proposed Funding ($1,000s)
A33: ATP Funds | B33: Cycle 8 Non-Infrastructure Project | J33: Program Code
D34: Proposed Allocation FY, Funding in ($1,000s)
A35: Component | B35: Prior | C35: 26-27 | D35: 27-28 | E35: 28-29 | F35: 29-30 | G35: 30-31 | H35: 31-32+ | I35: =I$9 -> Total | J35: Funding Agency
A36: E&P (PA&ED) | I36: 0 | J36: CTC
A37: PS&E | I37: 0 | J37: Notes
A38: R/W SUP (CT) | I38: 0
A39: CON SUP (CT) | I39: 0
A40: R/W | I40: 0
A41: CON-NI | I41: =SUM($B$41:$H$41) -> 0
A42: CON | I42: 0
A43: TOTAL | B43: 0 | C43: 0 | D43: =SUM($D$36:$D$42) -> 0 | E43: =SUM($E$36:$E$42) -> 0 | F43: =SUM($F$36:$F$42) -> 0 | G43: =SUM($G$36:$G$42) -> 0 | H43: 0 | I43: =SUM($I$36:$I$42) -> 0
A45: ATP Funds | B45: Cycle 8 Plan Project | J45: Program Code
D46: Proposed Allocation FY, Funding in ($1,000s)
A47: Component | B47: Prior | C47: 26-27 | D47: 27-28 | E47: 28-29 | F47: 29-30 | G47: 30-31 | H47: 31-32+ | I47: =I$9 -> Total | J47: Funding Agency
A48: E&P (PA&ED) | I48: 0 | J48: CTC
A49: PS&E | I49: 0 | J49: Notes
A50: R/W SUP (CT) | I50: 0
A51: CON SUP (CT) | I51: 0
A52: R/W | I52: 0
A53: CON-NI | I53: =SUM(D53:G53) -> 0
A54: CON | I54: 0
A55: TOTAL | B55: 0 | C55: 0 | D55: =SUM($D$48:$D$54) -> 0 | E55: =SUM($E$48:$E$54) -> 0 | F55: =SUM($F$48:$F$54) -> 0 | G55: =SUM($G$48:$G$54) -> 0 | H55: 0 | I55: =SUM($B$55:$H$55) -> 0
A57: ATP Funds | B57: Previous ATP Cycle Funding | J57: Program Code
D58: Proposed Funding ($1,000s)
A59: Component | B59: Prior | C59: 26-27 | D59: 27-28 | E59: 28-29 | F59: 29-30 | G59: 30-31 | H59: 31-32+ | I59: =I$9 -> Total | J59: Funding Agency
A60: E&P (PA&ED) | I60: =SUM($B$60:$H$60) -> 0 | J60: CTC
A61: PS&E | I61: =SUM($B$61:$H$61) -> 0 | J61: Notes
A62: R/W SUP (CT) | I62: =SUM($B$62:$H$62) -> 0
A63: CON SUP (CT) | I63: =SUM($B$63:$H$63) -> 0
A64: R/W | I64: =SUM($B$64:$H$64) -> 0
A65: CON-NI | I65: =SUM($B$65:$H$65) -> 0
A66: CON | I66: =SUM($B$66:$H$66) -> 0
A67: TOTAL | B67: =SUM($B$60:$B$66) -> 0 | C67: =SUM($C$60:$C$66) -> 0 | D67: 0 | E67: 0 | F67: 0 | G67: 0 | H67: 0 | I67: =SUM($B$67:$H$67) -> 0
D69: Summary of Non-ATP Funding
A70: Fund No. 2: | J70: Program Code
D71: Committed Funding ($1,000s)
A72: Component | B72: Prior | C72: 26-27 | D72: 27-28 | E72: 28-29 | F72: 29-30 | G72: 30-31 | H72: 31-32+ | I72: =I$9 -> Total | J72: Funding Agency
A73: E&P (PA&ED) | I73: =SUM($B$73:$H$73) -> 0
A74: PS&E | I74: =SUM($B$74:$H$74) -> 0 | J74: Notes
A75: R/W SUP (CT) | I75: =SUM($B$75:$H$75) -> 0
A76: CON SUP (CT) | I76: =SUM($B$76:$H$76) -> 0
A77: R/W | I77: =SUM($B$77:$H$77) -> 0
A78: CON-NI | I78: =SUM($B$78:$H$78) -> 0
A79: CON | I79: =SUM($B$79:$H$79) -> 0
A80: TOTAL | B80: =SUM($B$73:$B$79) -> 0 | C80: =SUM($C$73:$C$79) -> 0 | D80: =SUM($D$73:$D$79) -> 0 | E80: =SUM($E$73:$E$79) -> 0 | F80: =SUM($F$73:$F$79) -> 0 | G80: =SUM($G$73:$G$79) -> 0 | H80: =SUM($H$73:$H$79) -> 0 | I80: =SUM($B$80:$H$80) -> 0
A82: Fund No. 3: | J82: Program Code
D83: Committed Funding ($1,000s)
A84: Component | B84: Prior | C84: 26-27 | D84: 27-28 | E84: 28-29 | F84: 29-30 | G84: 30-31 | H84: 31-32+ | I84: =I$9 -> Total | J84: Funding Agency
A85: E&P (PA&ED) | I85: =SUM($B$85:$H$85) -> 0
A86: PS&E | I86: =SUM($B$86:$H$86) -> 0 | J86: Notes
A87: R/W SUP (CT) | I87: =SUM($B$87:$H$87) -> 0
A88: CON SUP (CT) | I88: =SUM($B$88:$H$88) -> 0
A89: R/W | I89: =SUM($B$89:$H$89) -> 0
A90: CON-NI | I90: =SUM($B$90:$H$90) -> 0
A91: CON | I91: =SUM($B$91:$H$91) -> 0
A92: TOTAL | B92: =SUM($B$85:$B$91) -> 0 | C92: =SUM($C$85:$C$91) -> 0 | D92: =SUM($D$85:$D$91) -> 0 | E92: =SUM($E$85:$E$91) -> 0 | F92: =SUM($F$85:$F$91) -> 0 | G92: =SUM($G$85:$G$91) -> 0 | H92: =SUM($H$85:$H$91) -> 0 | I92: =SUM($B$92:$H$92) -> 0
A94: Fund No. 4: | J94: Program Code
D95: Committed Funding ($1,000s)
A96: Component | B96: Prior | C96: 26-27 | D96: 27-28 | E96: 28-29 | F96: 29-30 | G96: 30-31 | H96: 31-32+ | I96: =I$9 -> Total | J96: Funding Agency
A97: E&P (PA&ED) | I97: =SUM($B$97:$H$97) -> 0
A98: PS&E | I98: =SUM($B$98:$H$98) -> 0 | J98: Notes
A99: R/W SUP (CT) | I99: =SUM($B$99:$H$99) -> 0
A100: CON SUP (CT) | I100: =SUM($B$100:$H$100) -> 0
A101: R/W | I101: =SUM($B$101:$H$101) -> 0
A102: CON-NI | I102: =SUM($B$102:$H$102) -> 0
A103: CON | I103: =SUM($B$103:$H$103) -> 0
A104: TOTAL | B104: =SUM($B$97:$B$103) -> 0 | C104: =SUM($C$97:$C$103) -> 0 | D104: =SUM($D$97:$D$103) -> 0 | E104: =SUM($E$97:$E$103) -> 0 | F104: =SUM($F$97:$F$103) -> 0 | G104: =SUM($G$97:$G$103) -> 0 | H104: =SUM($H$97:$H$103) -> 0 | I104: =SUM($B$104:$H$104) -> 0
A106: Fund No. 5: | J106: Program Code
D107: Committed Funding ($1,000s)
A108: Component | B108: Prior | C108: 26-27 | D108: 27-28 | E108: 28-29 | F108: 29-30 | G108: 30-31 | H108: 31-32+ | I108: =I$9 -> Total | J108: Funding Agency
...

Sheet Amendment Info
A1: STATE OF CALIFORNIA ● DEPARTMENT OF TRANSPORTATION
A2: PROJECT PROGRAMMING REQUEST
A3: ='Project Info'!A3 -> LAPG -25I (Revised Apr 2026 v1.00)
A4: Complete this page for amendments only | J4: Date: | K4: ='Project Info'!U4 -> 0
A5: District | B5: County | D5: Route | F5: EA | G5: Project ID | I5: PPNO
A6: ='Project Info'!A6 -> 0 | B6: =CONCATENATE('Project Info'!A8," ",'Project Info'!A9," ",'Project Info'!A10) | D6: =CONCATENATE('Project Info'!D8:G8," ",'Project Info'!D9:G9," ",'Project Info'!D10:G10) | F6: ='Project Info'!E6 -> 0 | G6: ='Project Info'!G6 -> 0 | I6: ='Project Info'!L6 -> 0
A7: SECTION 1 - All Projects
A8: Project Background
A17: Programming Change Requested
A26: Reason for Proposed Change
A35: If proposed change will delay one or more components, clearly explain 1) reason the delay, 2) cost increase related
A36: to the delay, and 3) how cost increase will be funded
A43: Other Significant Information
A49: SECTION 2 - For SB1 Projects Only
A50: Project Amendment Request (Please follow the individual SB1 program guidelines for specific criteria)
A52: SECTION 3 - All Projects
A53: Approvals
A54: I hereby certify that the above information is complete and accurate and all approvals have been obtained for the processing
A55: of this amendment request.*
A56: Name (Print or Type) | D56: Signature | H56: Title | K56: Date
A58: Attachments
A59: 1) Concurrence from Metropolitan Planning Organization and/or Regional Transportation Planning Agency
A60: 2) Project Location Map

Sheet Pull Down Data
A1: Fund | B1: Fund Type | C1: Definition | D1: Fiscal Year | F1: Program Cat. | G1: Program Code | H1: Fund Type
A2: RIP | B2: BOND99 | C2: Prop 1B - State Route 99 Program | D2: Prior | F2: CMAQ | G2: 20.30.010.820 - Congestion Mitigation & Air Quality Improvement Program | H2: CMAQ
A3: IIP | B3: CMAQ | C3: Congestion Mitigation and Air Quality | D3: 12/13 | F3: CT Minor Pgm. | G3: CT-MINOR - Caltrans Minor Program | H3: ST-CASH
A4: Local Funds | B4: CMIA | C4: Prop 1B - Corridor Mobility Improvement Account | D4: 13/14 | F4: Demo | G4: 20.30.10.680 - High Priority Project / Demonstration Projects | H4: DEMOS21
A5: CMAQ | B5: DEMOS21 | C5: High Priority Project / Demonstration Project | D5: 14/15 | F5: FTA Funds | G5: FTA-TRANSIT - FTA Funds | H5: 5313, AR-5307, AR-5309, AR-5311, FTA5320, 5339, ES25311, 5307-SU, 5307-LU, 5307_TR, 5307-TR, 5310, 5311, 3037, 5307, 5308, 5309a, 5309c, 5340, 5311F, 5316, FTA5303, 5312, 5317, 5311-C, 5311-B3, 5337
A6: Demo | B6: ER-L | C6: Emergency Relief | D6: 15/16 | F6: Federal Disc. | G6: 20.XX.400.300 - Federal Discretionary | H6: 2011FDG, BIA, CDBG, DOD-NAV, EDA, FEMA, HUD, 5208, 5207, IM, IMD, NSBP, PLH, 1112, TCSPPP
A7: RSTP | B7: HBRR-L | C7: Highway Bridge Replacement and Rehabilitation | D7: 16/17 | F7: Future Need | G7: FUTURE - Unfunded Need | H7: NO-FUND
A8: Future Need | B8: HRCSA | C8: Prop 1B - Highway-Railroad Crossing Safety Account | D8: 17/18 | F8: GF IIP | G8: 20.XX.025.500 - Grandfathered Interregional Improvement Program | H8: NH
A9: CT Minor Pgm. | B9: LSR | C9: Prop 1B - Local Street and Road | D9: 18/19 | F9: GF RIP | G9: 20.XX.075.400 - Grandfathered Regional Improvement Program | H9: NH
A10: FTA Funds | B10: LTF | C10: Local Transportation Funds | D10: 19/20+ | F10: IIP | G10: 20.XX.025.700 - Interregional Improvement Program | H10: IM, NH, PTA, STIP-AC, BOND-ST, STP1, STPE-S, STPE, STPP, ST-CASH, STP
A11: Federal Disc. | B11: NH | C11: National Highways | F11: IIP | G11: 30.10.070.725 - Mass Transit Guideways | H11: PTA
A12: GF IIP | B12: NO-FUND | C12: Not Funded | F12: IIP | G12: 30.10.070.726 - Mass Transit Guideways - Grade Separation Projects | H12: PTA
A13: GF RIP | B13: OTS | C13: Office of Traffic Safety | F13: IIP | G13: 30.20.020.720 - Intercity Rail | H13: PTA
A14: Other Fed | B14: P116 | C14: Proposition 116 | F14: Local ER | G14: LOCAL ER - Local FHWA - ER | H14: ER-L
A15: Other State | B15: PTA | C15: Public Transportation Account | F15: Local Funds | G15: 20.10.400.100 - Locally Generated Funds | H15: LTF
A16: State Bond | B16: PTMISEA | C16: Prop 1B - Public Transportation Modernization, Improvement, and Service Enhancement Account | F16: Local Funds | G16: 20.10.400.330 - Regional Surface Transportation Program | H16: STPL
A17: TCRP (Committed) | B17: SLPP | C17: Prop 1B - State-Local Partnership Program | F17: Local Funds | G17: 20.10.400.335 - Surface Transportation Program | H17: STP
A18: TCRP (Proposed) | B18: SNPLMA | C18: Southern Nevada Public Lands Management Act | F18: Local Funds | G18: 20.10.400.340 - Office of Traffic Safety Funding | H18: OTS
B19: STA-EEM | C19: Environmental Enhancement and Mitigation | F19: Local HBRR | G19: LOCAL HBRR - Local FHWA - HBRR | H19: HBRR-L
B20: ST-CASH | C20: State Cash | F20: Local HES | G20: LOCAL HES - Local FHWA - HES | H20: STPG-L
B21: STP | C21: Surface Transportation Program | F21: Local Rail | G21: LOCAL 130 - Local FHWA - Rail (Sec 130) | H21: STPR-L
B22: STPE | C22: Transportation Enhancment without State Match | F22: Local TEA | G22: LOCAL TEA - Local FHWA - TEA | H22: STPE-L
B23: STPE-S | C23: Transportation Enhancement with State Match | F23: Nevada State | G23: NEV STATE - Neveda State Fund | H23: SNPLMA
B24: TCIF | C24: Prop 1B - Trade Corridor Improvement Fund | F24: Other Fed | G24: 20.30.010.300 - Highway Bridge Program (HBP) | H24: AR-FLH, ARRA-HM, AR-RSTP, AR-TE-S, AR-STP, ARRA-TE, AR-FRA, ECREC, STIM2-L, STIM2-S, 2010EAR, STMAINT, HRRRP, HSIF, NCIIP, OTS, PNRS, PTA, ENDGSP, STPE, SRTS, INVEST, STPER, SEC112, TI, TIFIA
B25: TCRF | C25: Traffic Congestion Relief Fund | F25: Other Fed | G25: 20.30.010.550 - Highway Safety Improvement Program (Infrastructure) | H25: AR-FLH, ARRA-HM, AR-RSTP, AR-TE-S, AR-STP, ARRA-TE, AR-FRA, ECREC, STIM2-L, STIM2-S, 2010EAR, STMAINT, HRRRP, HSIF, NCIIP, OTS, PNRS, PTA, ENDGSP, STPE, SRTS, INVEST, STPER, SEC112, TI, TIFIA
B26: TLSP | C26: Prop 1B - Traffic Light Synchronization Program | F26: Other Fed | G26: 20.30.010.810 - Surface Transportation Program (STP) | H26: AR-FLH, ARRA-HM, AR-RSTP, AR-TE-S, AR-STP, ARRA-TE, AR-FRA, ECREC, STIM2-L, STIM2-S, 2010EAR, STMAINT, HRRRP, HSIF, NCIIP, OTS, PNRS, PTA, ENDGSP, STPE, SRTS, INVEST, STPER, SEC112, TI, TIFIA
F27: Other Fed | G27: 20.30.010.820 - Congestion Mitigation & Air Quality Improvement Program | H27: AR-FLH, ARRA-HM, AR-RSTP, AR-TE-S, AR-STP, ARRA-TE, AR-FRA, ECREC, STIM2-L, STIM2-S, 2010EAR, STMAINT, HRRRP, HSIF, NCIIP, OTS, PNRS, PTA, ENDGSP, STPE, SRTS, INVEST, STPER, SEC112, TI, TIFIA
F28: Other Fed | G28: 20.30.100.827 - Recovery Act 2009 Non-STIP Programs | H28: AR-FLH, ARRA-HM, AR-RSTP, AR-TE-S, AR-STP, ARRA-TE, AR-FRA, ECREC, STIM2-L, STIM2-S, 2010EAR, STMAINT, HRRRP, HSIF, NCIIP, OTS, PNRS, PTA, ENDGSP, STPE, SRTS, INVEST, STPER, SEC112, TI, TIFIA
F29: Other Fed | G29: 20.XX.400.335 - Surface Transportation Program | H29: AR-FLH, ARRA-HM, AR-RSTP, AR-TE-S, AR-STP, ARRA-TE, AR-FRA, ECREC, STIM2-L, STIM2-S, 2010EAR, STMAINT, HRRRP, HSIF, NCIIP, OTS, PNRS, PTA, ENDGSP, STPE, SRTS, INVEST, STPER, SEC112, TI, TIFIA
F30: Other State | G30: 20.30.207.811 - Environmental Enhancement & Mitigation (EEM) | H30: STA-EEM
F31: Other State | G31: 20.XX.800.200 - Generic non-STIP/SHOPP State Funds | H31: ST-CASH
F32: Other State | G32: 30.10.070.000 - Mass Transit | H32: P116
F33: Other State | G33: 30.20.020.000 - Intercity Rail | H33: P116
F34: Other State | G34: SHOPP - SHOPP Funds on STIP Projects | H34: NH
F35: RIP | G35: 20.30.600.620 - Local Roads | H35: NH
F36: RIP | G36: 20.30.600.621 - Local Roads Rehabilitation | H36: NH
F37: RIP | G37: 20.30.600.670 - Funds for PPM - RIP | H37: NH
F38: RIP | G38: 20.30.600.675 - RSTP/CMAQ Matching Funds - RIP | H38: NH
... F68: TCRP (Proposed) | G68: PROPOSED - Fund | H68: NO-FUND
